 Dungeon Crawl Stone Soup version 0.31-a0-728-g01b46875f1 (console) character file.

Game seed: 12988678702976592592

536 petzl the Sneak (level 7, -5/53 (55) HPs)
             Began as a Formicid Delver on Sept 11, 2023.
             Slain by a wight
             ... wielding a +1 great sword of freezing
              (10 damage)
             ... on level 5 of the Dungeon.
             The game lasted 00:19:28 (3563 turns).

petzl the Sneak (Formicid Delver)                   Turns: 3563, Time: 00:19:28

HP:   -5/53 (55)    AC:  7    Str: 22    XL:     7   Next: 50%
MP:   11/11         EV: 10    Int: 12    God:
Gold: 71            SH:  0    Dex: 15    Spells: 11/12 levels left

rFire   . . .        a - +4 mace
rCold   . . .        (no shield)
rNeg    . . .        k - +0 scale mail
rPois   .            (helmet unavailable)
rElec   .            (no cloak)
rCorr   .            (no gloves)
SInv    +            u - +0 pair of boots
Will    .....        (no amulet)
Stlth   ++           r - +6 ring of strength
HPRegen 0.28/turn    (no ring)
MPRegen 0.12/turn

%: no passive effects
@: attractive, lightly drained
A: permanent stasis, dig shafts and tunnels, antennae 3, four strong arms
a: Dig, Shaft Self


You were on level 5 of the Dungeon.
You visited 1 branch of the dungeon, and saw 6 of its levels.

You collected 116 gold pieces.
You spent 45 gold pieces at shops.

Inventory:

Hand Weapons
 a - a +4 mace (weapon)
 b - a +0 orcbow
Armour
 k - a +0 scale mail (worn)
 u - a +0 pair of boots (worn)
Jewellery
 r - a +6 ring of strength (left hand)
Wands
 f - a wand of digging (6)
 v - a wand of flame (8)
Scrolls
 c - 3 scrolls of fog
 d - a scroll of revelation
 e - a scroll of fear
 g - a scroll of amnesia
 h - 2 scrolls of butterflies {unknown}
 i - a scroll of enchant armour {unknown}
 m - a scroll of immolation
 p - 2 scrolls of vulnerability
 s - a scroll of acquirement
Potions
 j - a potion of degeneration {unknown}
 l - a potion of ambrosia {unknown}
 n - a potion of attraction
 o - 2 potions of heal wounds {unknown}
 q - a potion of curing {unknown}
 t - a potion of lignification {unknown}


   Skills:
 + Level 4.9 Fighting
 - Level 2.0 Maces & Flails
 * Level 4.4 Ranged Weapons
 + Level 0.9 Armour
 + Level 2.0 Dodging
 + Level 6.1 Stealth
 + Level 3.1 Spellcasting
 + Level 0.6 Conjurations
 + Level 0.5 Air Magic
 - Level 2.0 Evocations


You had 11 spell levels left.
You knew the following spells:

 Your Spells              Type           Power      Damage    Failure   Level
a - Shock                 Conj/Air       12%        1d3       45%         1

Your spell library contained the following spells:

 Spells                   Type           Power      Damage    Failure   Level
 Ensorcelled Hibernation  Hex/Ice        2%         N/A       69%         2
 Passwall                 Tmut/Erth      0%         N/A       69%         2
 Gell's Gravitas          Tloc           1%         N/A       89%         3
 Teleport Other           Tloc           1%         N/A       89%         3
 Airstrike                Air            1%         2d(1-17)  99%         4
 Dispersal                Tloc           0%         N/A       100%        6
 Swiftness                Air            Unusable   N/A       N/A         3

Dungeon Overview and Level Annotations

Branches:
Dungeon (6/15)
 Temple: D:4-7

Altars:
Dithmenos
Fedhas
Wu Jian

Shops:
D:2 [

Annotations:
D:3 exclusion: downstairs
D:4 exclusion: 2 downstairs, Blork the orc, Edmund
D:5 exclusion: downstairs


Innate Abilities, Weirdness & Mutations

You cannot be hasted, slowed, berserked, paralysed or teleported.
You can dig through walls and to a lower floor.
You have a pair of large antennae on your head. (SInv)
Your four strong arms can wield two-handed weapons with a shield.


Message History

a +0 whip; a gnoll corpse
Things that are here:
a +0 whip; a gnoll corpse
j - a black potion A wight comes into view.
It is wielding a +1 great sword of freezing.
You shoot an arrow.
The arrow hits the wight but does no damage.
You shoot an arrow. The arrow hits the wight!
The wight is heavily damaged.
You shoot an arrow. The arrow hits the wight.
The wight is severely damaged.
You shoot an arrow.
The arrow hits the wight but does no damage.
The wight is severely damaged.
a - a +4 mace (weapon)
You completely miss the wight.
The wight is severely damaged.
The wight hits you with a +1 great sword of freezing!
The wight freezes you.
The wight hits you with a +1 great sword of freezing!
The wight freezes you.
You barely miss the wight.
The wight is severely damaged.
The wight hits you with a +1 great sword of freezing!
* * * LOW HITPOINT WARNING * * *
You feel drained.
* * * LOW HITPOINT WARNING * * *
The wight freezes you.
* * * LOW HITPOINT WARNING * * *
Unknown command.
Unknown command.
Unknown command.
Okay, then.
Unknown command.
Unknown command.
Unknown command.
It was a potion of attraction.
You feel attractive to monsters.
The wight hits you with a +1 great sword of freezing!
You die...

... .## . ........##..... ..
...............
...............
.........s.....
...........g...
........gg... ?........g#
.......<..##..... .#
........#.##.......## ..
........##.##.......##...
................#........
................#........##
..........................##
....##......#..............#
#...#.....z##..<.....## #..#
.........@##......#..###...
.............)##).....#....
.....#####...............##
.#### #####.).##........
+.#........### {
#......##...#.
.....#.#.##..#...
..#..#........##..
#......##....##.
............#.##.
.............#.#..
###.........##.##. ...###.
.# .... ..# ## .......
....... ..... ....


You could see a wight.

Vanquished Creatures
  A bullfrog (D:3)
  2 scorpions
  A wight (D:3)
  A hound (D:4)
  An orc priest (D:4)
  A jelly (D:5)
  Terence (D:2)
  7 gnolls
  4 adders
  A worm (D:3)
  3 dart slugs
  5 orcs
  2 bats (D:2)
  5 endoplasms
  A giant cockroach (D:1)
  6 goblins
  4 hobgoblins
  2 jackals (D:2)
  6 kobolds
  4 quokkas
  11 ball pythons
  10 frilled lizards
  9 rats
88 creatures vanquished.

Notes
Turn   | Place    | Note
-------+----------+-------------------------------------------
     0 | D:5      | petzl the Formicid Delver began the quest for the Orb.
     0 | D:5      | Reached XP level 1. HP: 18/18 MP: 1/1
   203 | D:4      | Noticed a wight
   228 | D:2      | Reached skill level 1 in Spellcasting
   228 | D:2      | Reached XP level 2. HP: 23/24 MP: 3/3
   229 | D:2      | Reached skill level 1 in Ranged Weapons
   267 | D:2      | Found Cehoor's Armour Boutique.
   319 | D:2      | Noticed Terence
   344 | D:1      | Reached XP level 3. HP: 27/28 MP: 4/4
   431 | D:1      | Reached skill level 1 in Evocations
  1113 | D:2      | Reached XP level 4. HP: 36/36 MP: 6/6
  1312 | D:2      | Killed Terence
  1750 | D:2      | Bought a +0 pair of boots for 45 gold pieces
  1770 | D:3      | Found a faded altar of an unknown god.
  1858 | D:3      | Reached XP level 5. HP: 42/42 MP: 7/7
  2460 | D:3      | Identified a scroll of acquirement
  2628 | D:3      | Reached XP level 6. HP: 45/48 MP: 9/9
  2681 | D:4      | Noticed Blork the orc
  2712 | D:4      | Found an ornate altar of the Wu Jian Council.
  2713 | D:4      | Found a blossoming altar of Fedhas.
  2832 | D:4      | Noticed Edmund
  3053 | D:4      | Found a shadowy altar of Dithmenos.
  3130 | D:3      | Reached XP level 7. HP: 38/55 MP: 11/11
  3266 | D:4      | Learned a level 1 spell: Shock
  3563 | D:5      | Slain by a wight

Illustrated notes

Levels and vault maps discovered:
D:1:      lightli_arrival_noodles, layout_loops_ring, nicolae_eternal_life,
          minmay_lizard_pond
D:2:      layout_basic, serial_shops, nicolae_shop_waterfront,
          dreamdust_princess_corridor, uniq_terence
D:3:      layout_basic, chequers_ecumenical_altar_simple_redux
D:4:      layout_cave_pools, nicolae_dithmenos_through_a_glass_darkly,
          grunt_temple_overflow_open, uniq_edmund, uniq_blork_the_orc
D:5:      layout_cave_pools, mainiacjoe_overflow_surrounded_room
D:6:      minmay_klotski, layout_rooms, mainiacjoe_overflow_catwalk,
          minmay_temple_entry_drinking_statues, uniq_pikel

Skill      XL: |  1  2  3  4  5  6  7 |
---------------+----------------------+-----
Spellcasting   | 1 2 3 |  3.1
Ranged Weapons | 1 2 3 4 |  4.4
Evocations     | 1 2 |  2.0
Fighting       | 4 |  4.9
Dodging        | 2 |  2.0
Maces & Flails | |  2.0
Armour         | |  0.9
Stealth        | |  6.1
Conjurations   | |  0.6
Air Magic      | |  0.5

Action                     |  1- 3 |  4- 6 |  7- 9 || total
---------------------------+-------+-------+-------++-------
  Melee: Mace              |    45 |    49 |    12 ||   106
         Punch             |     1 |     1 |       ||     2
   Fire: Orcbow            |    56 |    97 |    30 ||   183
Ability: Dig               |     2 |       |       ||     2
  Evoke: Wand              |       |       |     1 ||     1
    Use: Scroll            |       |     6 |       ||     6
         Potion            |       |       |     1 ||     1
   Stab: Sleeping          |       |     1 |       ||     1
 Armour: Scale mail        |    36 |    58 |    24 ||   118
         Leather armour    |     6 |       |       ||     6
  Dodge: Dodged            |    40 |    50 |     8 ||    98

Table legend: (Time is in decaauts)
 A = Elapsed time spent in this place.
 B = Non-inter-level travel time spent in this place.
 C = Inter-level travel time spent in this place.
 D = Time resting spent in this place.
 E = Time spent auto-exploring this place.
 F = Levels seen in this place.
 G = Mean time per level.
                   A        B        C        D        E       F      G
               +--------+--------+--------+--------+--------+-----+--------+
         Total |   3676 |   3293 |    383 |    381 |   1702 |   6 |  612.7 |
       Dungeon |   3676 |   3293 |    383 |    381 |   1702 |   6 |  612.7 |
               +--------+--------+--------+--------+--------+-----+--------+

Top non-repeatable levels by time:
     D:3: 1032 daAuts
     D:2: 939 daAuts
     D:1: 810 daAuts
     D:4: 645 daAuts
     D:5: 216 daAuts
     D:6: 32 daAuts
